Red Wings vs Maple Leafs
(R2)
Created - 29 mars 2017 at 23:25
Goals
|
| Red Wings |
2 |
0 |
3 |
5 |
| Maple Leafs |
0 |
0 |
1 |
1 |
|
Shots
|
| Red Wings |
9 |
6 |
12 |
27 |
| Maple Leafs |
7 |
5 |
16 |
28 |
|
1st period
1. Red Wings , Mike Richards 34 (Phil Kessel, Rick Nash) at 4:16 (PP)
2. Red Wings , Rick Nash 50 (Marc Savard) at 15:25
Penalties :
Fabian Brunnstrom (Tor) for High sticking (Minor) at 3:27, Marc-Édouard Vlasic (Tor) for Tripping (Minor) at 6:23, Alexander Frolov (Tor) for High sticking (Minor) at 9:25, Mike Brown (Det) for Slashing (Minor) at 11:34, Jiri Fischer (Det) for Hooking (Minor) at 16:31
2nd period
No Goal
Penalties :
Evgeni Malkin (Tor) for Tripping (Minor) at 2:30, Blake Comeau (Tor) for Holding (Minor) at 2:53, Steve Downie (Det) for Hooking (Minor) at 15:51
3rd period
3. Maple Leafs , Colby Armstrong 15 (Eric Nystrom, Tobias Enstrom) at 5:00
4. Red Wings , Sean Bergenheim 19 (Mike Richards, Jiri Fischer) at 7:32
5. Red Wings , Filip Kuba 4 (Tyler Johnson) at 13:37 (PP)
6. Red Wings , Mike Richards 35 (Rick Nash, Phil Kessel) at 15:29 (PP)
Penalties :
Rick Nash (Det) for Holding (Minor) at 0:23, Steve Downie (Det) for Roughing (Minor) at 9:45, Ryan Craig (Tor) for Tripping (Minor) at 12:07, Jamie McBain (Tor) for High sticking (Minor) at 15:19
Goalie Stats
Michal Neuvirth (Det), 27 saves from 28 shots - (0,964), W, 29-18-8, 60:00 minutes
Marc-André Fleury (Tor), 22 saves from 27 shots - (0,815), L, 29-17-8, 60:00 minutes
Players Stats for Red Wings
Player Name G A P +/- PIM S H SB GA TA FO MP PP MP PK MP
------------------------------------------------------------------------------------
Adam Henrique 0 0 0 -1 0 0 0 1 0 0 0/0 9:09 0:00 0:00
Ales Hemsky 0 0 0 -1 0 0 1 0 0 1 0/1 9:09 0:00 0:00
Alex Picard 0 0 0 0 0 0 0 0 0 0 0/0 8:04 0:00 0:56
Chris Campoli 0 0 0 -1 0 0 0 1 0 0 0/0 13:44 0:00 0:19
Filip Kuba 1 0 1 1 0 2 3 0 1 0 0/0 19:40 3:45 0:38
Jiri Fischer 0 1 1 1 2 1 0 3 0 1 0/0 16:22 0:00 3:57
Marc Savard 0 1 1 1 0 0 2 0 0 0 10/18 17:17 3:46 0:20
Mike Brown 0 0 0 0 2 1 1 0 0 0 0/0 9:11 0:00 2:00
Mike Richards 2 1 3 1 0 6 0 0 0 0 12/17 17:28 5:03 0:00
Nate Thompson 0 0 0 0 0 1 0 1 1 2 0/2 6:45 0:00 0:00
Ole-Kristian Tollefsen 0 0 0 1 0 1 1 0 0 2 0/0 22:25 5:04 5:01
Phil Kessel 0 2 2 1 0 2 2 0 1 0 1/1 17:28 5:03 0:00
Rick Nash 1 2 3 1 2 4 0 1 0 0 2/4 21:23 5:03 3:35
Sean Bergenheim 1 0 1 1 0 2 2 1 0 0 1/2 20:49 3:46 4:47
Shea Weber 0 0 0 1 0 1 1 1 0 0 0/0 24:51 5:04 5:01
Steve Downie 0 0 0 1 4 0 4 1 0 0 0/0 19:16 3:46 2:57
Tim Ramholt 0 0 0 -1 0 1 2 0 0 0 0/0 18:33 0:00 4:54
Tyler Johnson 0 1 1 -1 0 5 1 0 1 0 4/9 18:26 3:45 5:15
Players Stats for Maple Leafs
Player Name G A P +/- PIM S H SB GA TA FO MP PP MP PK MP
------------------------------------------------------------------------------------
Alexander Frolov 0 0 0 0 2 2 2 0 0 0 0/1 19:09 5:49 1:26
Blake Comeau 0 0 0 0 2 3 0 0 1 1 2/2 9:39 0:07 1:12
Braydon Coburn 0 0 0 1 0 0 1 0 1 0 0/0 28:27 4:22 6:02
Claude Giroux 0 0 0 0 0 3 3 1 0 0 0/1 23:06 5:49 4:44
Colby Armstrong 1 0 1 0 0 5 2 0 0 0 0/0 14:17 3:59 0:00
Eric Nystrom 0 1 1 0 0 1 1 0 0 0 1/1 11:03 0:07 0:25
Evgeni Malkin 0 0 0 0 2 2 2 0 0 0 15/33 22:46 5:49 4:25
Fabian Brunnstrom 0 0 0 -1 2 2 1 0 1 0 0/0 14:49 3:59 0:00
Jamie McBain 0 0 0 -1 2 1 1 0 0 1 0/0 14:40 5:33 0:18
Justin Abdelkader 0 0 0 0 0 1 1 0 1 0 0/0 7:21 0:00 0:00
Justin Schultz 0 0 0 -1 0 1 1 0 0 0 0/0 13:53 0:00 0:33
Marc-Édouard Vlasic 0 0 0 -1 2 2 1 1 2 0 0/0 21:39 5:33 1:56
Michael Grabner 0 0 0 -1 0 2 1 0 0 0 0/1 10:53 0:07 0:00
Rob Schremp 0 0 0 -1 0 0 3 1 0 1 2/6 17:44 3:59 2:54
Ryan Craig 0 0 0 0 2 0 2 0 0 1 3/4 8:07 0:00 0:44
Taylor Chorney 0 0 0 -1 0 0 0 2 0 0 0/0 13:04 0:00 2:47
Tobias Enstrom 0 1 1 1 0 1 2 1 0 0 0/0 28:27 4:22 6:02
Zac Dalpe 0 0 0 0 0 2 1 0 0 0 1/5 10:24 0:00 0:11
3 Stars
1 - Mike Richards (Det)
2 - Michal Neuvirth (Det)
3 - Rick Nash (Det)
Power Play
Red Wings - 3 on 7 Attempt(s) - 42,86%
Maple Leafs - 0 on 5 Attempt(s) - 0,00%
Penalty Kill
Red Wings - 5 on 5 Attempt(s) - 100,00%
- Score 0 goal in Penalty Kill
Maple Leafs - 4 on 7 Attempt(s) - 57,14%
- Score 0 goal in Penalty Kill
Team Stat
Red Wings - Hits : 20 - Faceoff Wins : 30 - Blocked Shots : 10 - Penalty Minutes : 10
Maple Leafs - Hits : 25 - Faceoff Wins : 24 - Blocked Shots : 6 - Penalty Minutes : 14
Official
Referees : Meier Brad and Sutherland Kelly
Linesman : Jonny Murray and Jay Sharrers
Game Notes
No Game Note
Finance
Level 1 -- Attendance: 6000 (100,00%) -- Ticket Income 510 000 $
Level 2 -- Attendance: 4734 (94,68%) -- Ticket Income 236 700 $
Level 3 -- Attendance: 2000 (100,00%) -- Ticket Income 62 000 $
Level 4 -- Attendance: 3922 (98,05%) -- Ticket Income 78 440 $
Luxury Box -- Attendance: 1000 (100,00%) -- Ticket Income 150 000 $
Game was played at the Maple Leafs Garden.
Total Attendance: 17656 (98,09%)
Total Ticket Income: 1 037 140 $
Other Income: 155 571 $
Total Income: 1 192 711 $
Red Wings
5 vs 5 Forward
Center Left Wing Right Wing Time % Phy DF OF
1 Mike Richards Sean Bergenheim Phil Kessel 35 0 2 3
2 Marc Savard Rick Nash Steve Downie 35 0 3 2
3 Tyler Johnson Adam Henrique Ales Hemsky 20 0 3 2
4 Nate Thompson Alex Picard Mike Brown 10 1 2 2
5 vs 5 Defense
Defense Defense Time % Phy DF OF
1 Shea Weber Filip Kuba 40 0 3 2
2 Jiri Fischer Ole-Kristian Tollefsen 35 0 3 2
3 Chris Campoli Tim Ramholt 15 1 3 1
4 Chris Campoli Tim Ramholt 10 1 3 1
PowerPlay Forward
Center Left Wing Right Wing Time % Phy DF OF
1 Mike Richards Rick Nash Phil Kessel 60 0 1 4
2 Marc Savard Sean Bergenheim Steve Downie 40 0 1 4
PowerPlay Defense
Defense Defense Time % Phy DF OF
1 Shea Weber Ole-Kristian Tollefsen 60 0 2 3
2 Filip Kuba Tyler Johnson 40 0 2 3
Penalty Kill 4 Players Forward
Center Wing Time % Phy DF OF
1 Tyler Johnson Sean Bergenheim 50 1 2 2
2 Rick Nash Steve Downie 50 1 2 2
Penalty Kill 4 Players Defense
Defense Defense Time % Phy DF OF
1 Shea Weber Ole-Kristian Tollefsen 50 1 2 2
2 Jiri Fischer Tim Ramholt 50 1 2 2
Penalty Kill - 3 Players Forward
Forward Time % Phy DF OF
1 Tyler Johnson 60 1 2 2
2 Steve Downie 40 1 2 2
Penalty Kill - 3 Players Defense
Defense Defense Time % Phy DF OF
1 Shea Weber Ole-Kristian Tollefsen 50 1 2 2
2 Jiri Fischer Tim Ramholt 50 1 2 2
4 vs 4 Forward
Center Wing Time % Phy DF OF
1 Mike Richards Rick Nash 60 1 2 2
2 Marc Savard Sean Bergenheim 40 1 2 2
4 vs 4 Defense
Defense Defense Time % Phy DF OF
1 Shea Weber Ole-Kristian Tollefsen 60 1 2 2
2 Jiri Fischer Filip Kuba 40 1 2 2
Last Minutes Offensive
Center Left Wing Right Wing Defense Defense
Mike Richards Rick Nash Phil Kessel Shea Weber Ole-Kristian Tollefsen
Last Minutes Defensive
Center Left Wing Right Wing Defense Defense
Tyler Johnson Rick Nash Steve Downie Shea Weber Ole-Kristian Tollefsen
Goaltenders
Starting : Michal Neuvirth
Backup : Mike McKenna
Extra Forwards
Normal : Rick Nash, Marc Savard, Tyler Johnson - PP : Steve Downie, Ales Hemsky - PK : Mike Brown
Extra Defensemen
Normal : Shea Weber, Filip Kuba, Chris Campoli - PP : Chris Campoli - PK : Filip Kuba, Chris Campoli
Penalty Shots
Rick Nash, Mike Richards, Steve Downie, Shea Weber, Phil Kessel
Maple Leafs
5 vs 5 Forward
Center Left Wing Right Wing Time % Phy DF OF
1 Evgeni Malkin Alexander Frolov Claude Giroux 40 1 2 2
2 Rob Schremp Fabian Brunnstrom Michael Grabner 30 1 2 2
3 Zac Dalpe Eric Nystrom Colby Armstrong 20 1 2 2
4 Ryan Craig Justin Abdelkader Blake Comeau 10 1 2 2
5 vs 5 Defense
Defense Defense Time % Phy DF OF
1 Tobias Enstrom Braydon Coburn 40 1 2 2
2 Justin Schultz Marc-Édouard Vlasic 30 1 2 2
3 Taylor Chorney Jamie McBain 20 1 2 2
4 Tobias Enstrom Braydon Coburn 10 1 2 2
PowerPlay Forward
Center Left Wing Right Wing Time % Phy DF OF
1 Evgeni Malkin Alexander Frolov Claude Giroux 60 1 2 2
2 Rob Schremp Fabian Brunnstrom Colby Armstrong 40 1 2 2
PowerPlay Defense
Defense Defense Time % Phy DF OF
1 Tobias Enstrom Braydon Coburn 60 1 2 2
2 Jamie McBain Marc-Édouard Vlasic 40 1 2 2
Penalty Kill 4 Players Forward
Center Wing Time % Phy DF OF
1 Evgeni Malkin Claude Giroux 60 1 2 2
2 Rob Schremp Alexander Frolov 40 1 2 2
Penalty Kill 4 Players Defense
Defense Defense Time % Phy DF OF
1 Tobias Enstrom Braydon Coburn 60 1 2 2
2 Taylor Chorney Marc-Édouard Vlasic 40 1 2 2
Penalty Kill - 3 Players Forward
Forward Time % Phy DF OF
1 Evgeni Malkin 60 1 2 2
2 Claude Giroux 40 1 2 2
Penalty Kill - 3 Players Defense
Defense Defense Time % Phy DF OF
1 Tobias Enstrom Braydon Coburn 60 1 2 2
2 Taylor Chorney Marc-Édouard Vlasic 40 1 2 2
4 vs 4 Forward
Center Wing Time % Phy DF OF
1 Evgeni Malkin Claude Giroux 60 1 2 2
2 Rob Schremp Alexander Frolov 40 1 2 2
4 vs 4 Defense
Defense Defense Time % Phy DF OF
1 Tobias Enstrom Braydon Coburn 60 1 2 2
2 Taylor Chorney Marc-Édouard Vlasic 40 1 2 2
Last Minutes Offensive
Center Left Wing Right Wing Defense Defense
Evgeni Malkin Alexander Frolov Claude Giroux Tobias Enstrom Braydon Coburn
Last Minutes Defensive
Center Left Wing Right Wing Defense Defense
Evgeni Malkin Alexander Frolov Claude Giroux Tobias Enstrom Braydon Coburn
Goaltenders
Starting : Marc-André Fleury
Backup : Alex Stalock
Extra Forwards
Normal : Evgeni Malkin, Claude Giroux, Eric Nystrom - PP : Michael Grabner, Eric Nystrom - PK : Blake Comeau
Extra Defensemen
Normal : Jamie McBain, Justin Schultz, Taylor Chorney - PP : Jamie McBain - PK : Justin Schultz, Taylor Chorney
Penalty Shots
Claude Giroux, Rob Schremp, Evgeni Malkin, Alexander Frolov, Fabian Brunnstrom
% Time on Ice - Red Wings
Lines # - Real PCT - Wanted PCT - Time Play
Normal Forward
1 - 31% - 35% - 12:47
2 - 30% - 35% - 12:35
3 - 22% - 20% - 9:09
4 - 16% - 10% - 6:45
Normal Defense
1 - 38% - 40% - 15:38
2 - 31% - 35% - 12:50
3 - 19% - 15% - 7:59
4 - 12% - 10% - 4:49
PP Forward
1 - 57% - 60% - 5:03
2 - 43% - 40% - 3:46
PP Defense
1 - 57% - 60% - 5:04
2 - 43% - 40% - 3:45
PK Forward
1 - 48% - 50% - 4:47
2 - 52% - 50% - 5:08
PK Defense
1 - 51% - 50% - 5:01
2 - 49% - 50% - 4:54
PK3 Forward
1 - 0% - 60%
2 - 0% - 40%
PK3 Defense
1 - 0% - 50%
2 - 0% - 50%
44 Forward
1 - 0% - 60%
2 - 0% - 40%
44 Defense
1 - 0% - 60%
2 - 0% - 40%
Last Minute Offensive - 0:00
Last Minute Defensive - 0:00
Total
Forward - 60:00
Defense - 60:00
|
% Time on Ice - Maple Leafs
Lines # - Real PCT - Wanted PCT - Time Play
Normal Forward
1 - 31% - 40% - 12:45
2 - 27% - 30% - 10:57
3 - 25% - 20% - 10:13
4 - 18% - 10% - 7:21
Normal Defense
1 - 44% - 40% - 18:03
2 - 35% - 30% - 14:29
3 - 21% - 20% - 8:44
4 - 0% - 10% - 0:00
PP Forward
1 - 59% - 60% - 5:49
2 - 41% - 40% - 4:06
PP Defense
1 - 44% - 60% - 4:22
2 - 56% - 40% - 5:33
PK Forward
1 - 70% - 60% - 5:04
2 - 30% - 40% - 2:09
PK Defense
1 - 68% - 60% - 4:56
2 - 32% - 40% - 2:17
PK3 Forward
1 - 100% - 60% - 1:36
2 - 0% - 40% - 0:00
PK3 Defense
1 - 60% - 60% - 0:58
2 - 40% - 40% - 0:38
44 Forward
1 - 0% - 60%
2 - 0% - 40%
44 Defense
1 - 0% - 60%
2 - 0% - 40%
Last Minute Offensive - 0:00
Last Minute Defensive - 0:00
Total
Forward - 60:00
Defense - 60:00
|
Play by Play
1st period
0:01 of 1st period - Evgeni Malkin wins face-off versus Mike Richards in neutral zone.
0:04 of 1st period - Snap shot by Claude Giroux.
0:04 of 1st period - Stopped by Michal Neuvirth with a rebound.
0:51 of 1st period - Ole-Kristian Tollefsen is hit by Colby Armstrong and loses puck.
0:56 of 1st period - Snap shot by Eric Nystrom.
0:56 of 1st period - Shot Misses the Net.
0:58 of 1st period - Snap shot by Colby Armstrong.
0:58 of 1st period - Stopped by Michal Neuvirth without a rebound.
0:59 of 1st period - Ryan Craig wins face-off versus Nate Thompson in Red Wings zone.
1:02 of 1st period - Snap shot by Justin Abdelkader.
1:02 of 1st period - Stopped by Michal Neuvirth with a rebound.
1:31 of 1st period - Taylor Chorney is hit by Steve Downie and loses puck.
2:08 of 1st period - Snap shot by Michael Grabner.
2:08 of 1st period - Stopped by Michal Neuvirth with a rebound.
2:10 of 1st period - Snap shot by Eric Nystrom.
2:10 of 1st period - Shot Blocked by Jiri Fischer.
3:27 of 1st period - Minor Penalty to Fabian Brunnstrom for High sticking.
3:28 of 1st period - Mike Richards wins face-off versus Evgeni Malkin in Maple Leafs zone.
3:41 of 1st period - Snap shot by Rick Nash.
3:41 of 1st period - Stopped by Marc-André Fleury with a rebound.
3:43 of 1st period - Snap shot by Mike Richards.
3:43 of 1st period - Shot Blocked by Tobias Enstrom.
3:45 of 1st period - Slapshot by Filip Kuba.
3:45 of 1st period - Deflect By Phil Kessel.
3:45 of 1st period - Stopped by Marc-André Fleury without a rebound.
3:46 of 1st period - Evgeni Malkin wins face-off versus Sean Bergenheim in Maple Leafs zone.
3:57 of 1st period - Braydon Coburn is hit by Sean Bergenheim and loses puck.
4:16 of 1st period - Snap shot by Phil Kessel.
4:16 of 1st period - Deflect By Mike Richards.
4:16 of 1st period - Goal by Mike Richards - Red Wings : 1 - Maple Leafs : 0.
4:17 of 1st period - Marc Savard wins face-off versus Evgeni Malkin in neutral zone.
4:22 of 1st period - Braydon Coburn is hit by Filip Kuba and loses puck.
4:43 of 1st period - Filip Kuba is hit by Zac Dalpe and loses puck.
5:17 of 1st period - Slapshot by Michael Grabner.
5:17 of 1st period - Stopped by Michal Neuvirth with a rebound.
5:59 of 1st period - Wrist shot by Steve Downie.
5:59 of 1st period - Shot Misses the Net.
6:23 of 1st period - Minor Penalty to Marc-Édouard Vlasic for Tripping.
6:24 of 1st period - Mike Richards wins face-off versus Evgeni Malkin in Maple Leafs zone.
6:30 of 1st period - Snap shot by Rick Nash.
6:30 of 1st period - Shot Misses the Net.
7:13 of 1st period - Braydon Coburn is hit by Tyler Johnson and loses puck.
8:19 of 1st period - Icing by Rick Nash.
8:20 of 1st period - Blake Comeau wins face-off versus Mike Richards in Red Wings zone.
8:23 of 1st period - Penalty to Marc-Édouard Vlasic is over, Marc-Édouard Vlasic is back on ice.
9:25 of 1st period - Minor Penalty to Alexander Frolov for High sticking.
9:26 of 1st period - Mike Richards wins face-off versus Evgeni Malkin in Maple Leafs zone.
9:27 of 1st period - Snap shot by Rick Nash.
9:27 of 1st period - Shot Misses the Net.
9:41 of 1st period - Wrist shot by Mike Richards.
9:41 of 1st period - Stopped by Marc-André Fleury with a rebound.
9:43 of 1st period - Slapshot by Ole-Kristian Tollefsen.
9:43 of 1st period - Stopped by Marc-André Fleury without a rebound.
9:44 of 1st period - Evgeni Malkin wins face-off versus Marc Savard in Maple Leafs zone.
9:44 of 1st period - Evgeni Malkin is hit by Marc Savard.
9:54 of 1st period - Claude Giroux is hit by Steve Downie and loses puck.
11:25 of 1st period - Penalty to Alexander Frolov is over, Alexander Frolov is back on ice.
11:34 of 1st period - Minor Penalty to Mike Brown for Slashing.
11:35 of 1st period - Evgeni Malkin wins face-off versus Tyler Johnson in Red Wings zone.
12:04 of 1st period - Wrist shot by Fabian Brunnstrom.
12:04 of 1st period - Shot Misses the Net.
12:06 of 1st period - Snap shot by Marc-Édouard Vlasic.
12:06 of 1st period - Stopped by Michal Neuvirth with a rebound.
12:08 of 1st period - Slapshot by Marc-Édouard Vlasic.
12:08 of 1st period - Stopped by Michal Neuvirth with a rebound.
13:34 of 1st period - Penalty to Mike Brown is over, Mike Brown is back on ice.
14:01 of 1st period - Braydon Coburn is hit by Mike Brown and loses puck.
14:44 of 1st period - Wrist shot by Tyler Johnson.
14:44 of 1st period - Stopped by Marc-André Fleury without a rebound.
14:45 of 1st period - Tyler Johnson wins face-off versus Zac Dalpe in Maple Leafs zone.
14:48 of 1st period - Snap shot by Adam Henrique.
14:48 of 1st period - Shot Misses the Net.
14:50 of 1st period - Wrist shot by Tyler Johnson.
14:50 of 1st period - Stopped by Marc-André Fleury without a rebound.
14:51 of 1st period - Marc Savard wins face-off versus Zac Dalpe in Maple Leafs zone.
15:04 of 1st period - Marc Savard is hit by Colby Armstrong and loses puck.
15:25 of 1st period - Wrist shot by Rick Nash.
15:25 of 1st period - Goal by Rick Nash - Red Wings : 2 - Maple Leafs : 0.
15:26 of 1st period - Mike Richards wins face-off versus Evgeni Malkin in neutral zone.
15:57 of 1st period - Snap shot by Rick Nash.
15:57 of 1st period - Shot Misses the Net.
15:59 of 1st period - Snap shot by Shea Weber.
15:59 of 1st period - Shot Misses the Net.
16:01 of 1st period - Snap shot by Filip Kuba.
16:01 of 1st period - Stopped by Marc-André Fleury with a rebound.
16:31 of 1st period - Minor Penalty to Jiri Fischer for Hooking.
16:32 of 1st period - Evgeni Malkin wins face-off versus Tyler Johnson in Red Wings zone.
17:21 of 1st period - Slapshot by Evgeni Malkin.
17:21 of 1st period - Shot Misses the Net.
18:07 of 1st period - Fabian Brunnstrom is hit by Ole-Kristian Tollefsen and loses puck.
18:31 of 1st period - Penalty to Jiri Fischer is over, Jiri Fischer is back on ice.
19:42 of 1st period - Ales Hemsky is hit by Justin Abdelkader.
Goals for this period are 2 for Red Wings vs 0 for Maple Leafs.
Shots for this period are 9 for Red Wings vs 7 for Maple Leafs.
2nd period
0:01 of 2nd period - Evgeni Malkin wins face-off versus Marc Savard in neutral zone.
0:12 of 2nd period - Shea Weber is hit by Claude Giroux and loses puck.
1:20 of 2nd period - Jiri Fischer is hit by Claude Giroux and loses puck.
1:43 of 2nd period - Wrist shot by Nate Thompson.
1:43 of 2nd period - Stopped by Marc-André Fleury with a rebound.
1:45 of 2nd period - Wrist shot by Mike Brown.
1:45 of 2nd period - Stopped by Marc-André Fleury with a rebound.
2:23 of 2nd period - Snap shot by Phil Kessel.
2:23 of 2nd period - Stopped by Marc-André Fleury without a rebound.
2:24 of 2nd period - Mike Richards wins face-off versus Claude Giroux in Maple Leafs zone.
2:30 of 2nd period - Minor Penalty to Evgeni Malkin for Tripping.
2:31 of 2nd period - Blake Comeau wins face-off versus Mike Richards in Maple Leafs zone.
2:43 of 2nd period - Slapshot by Shea Weber.
2:43 of 2nd period - Stopped by Marc-André Fleury with a rebound.
2:45 of 2nd period - Snap shot by Rick Nash.
2:45 of 2nd period - Shot Blocked by Claude Giroux.
2:53 of 2nd period - Minor Penalty to Blake Comeau for Holding.
2:54 of 2nd period - Phil Kessel wins face-off versus Rob Schremp in Maple Leafs zone.
4:30 of 2nd period - Penalty to Evgeni Malkin is over, Evgeni Malkin is back on ice.
4:53 of 2nd period - Penalty to Blake Comeau is over, Blake Comeau is back on ice.
5:23 of 2nd period - Wrist shot by Adam Henrique.
5:23 of 2nd period - Shot Blocked by Marc-Édouard Vlasic.
5:25 of 2nd period - Slapshot by Tim Ramholt.
5:25 of 2nd period - Stopped by Marc-André Fleury with a rebound.
5:27 of 2nd period - Wrist shot by Tyler Johnson.
5:27 of 2nd period - Shot Misses the Net.
5:55 of 2nd period - Fabian Brunnstrom is hit by Steve Downie and loses puck.
6:59 of 2nd period - Off-side.
7:00 of 2nd period - Sean Bergenheim wins face-off versus Zac Dalpe in neutral zone.
7:23 of 2nd period - Tim Ramholt is hit by Tobias Enstrom and loses puck.
7:30 of 2nd period - Snap shot by Claude Giroux.
7:30 of 2nd period - Stopped by Michal Neuvirth with a rebound.
7:41 of 2nd period - Off-side.
7:42 of 2nd period - Marc Savard wins face-off versus Rob Schremp in neutral zone.
7:57 of 2nd period - Rick Nash is hit by Rob Schremp and loses puck.
8:18 of 2nd period - Snap shot by Claude Giroux.
8:18 of 2nd period - Shot Misses the Net.
9:10 of 2nd period - Shea Weber is hit by Rob Schremp and loses puck.
9:58 of 2nd period - Snap shot by Colby Armstrong.
9:58 of 2nd period - Stopped by Michal Neuvirth with a rebound.
10:18 of 2nd period - Chris Campoli is hit by Ryan Craig and loses puck.
10:33 of 2nd period - Sean Bergenheim is hit by Marc-Édouard Vlasic and loses puck.
11:05 of 2nd period - Ales Hemsky is hit by Evgeni Malkin and loses puck.
11:14 of 2nd period - Alexander Frolov is hit by Ales Hemsky and loses puck.
11:50 of 2nd period - Slapshot by Jamie McBain.
11:50 of 2nd period - Shot Misses the Net.
11:52 of 2nd period - Snap shot by Colby Armstrong.
11:52 of 2nd period - Shot Misses the Net.
12:07 of 2nd period - Slapshot by Zac Dalpe.
12:07 of 2nd period - Deflect By Mike Richards.
12:07 of 2nd period - Shot Misses the Net.
12:07 of 2nd period - Puck is out of play.
12:08 of 2nd period - Marc Savard wins face-off versus Evgeni Malkin in Red Wings zone.
12:33 of 2nd period - Ales Hemsky is hit by Fabian Brunnstrom and loses puck.
12:54 of 2nd period - Snap shot by Alex Picard.
12:54 of 2nd period - Shot Blocked by Taylor Chorney.
13:02 of 2nd period - Snap shot by Ryan Craig.
13:02 of 2nd period - Shot Misses the Net.
13:16 of 2nd period - Claude Giroux is hit by Shea Weber and loses puck.
13:45 of 2nd period - Filip Kuba is hit by Michael Grabner and loses puck.
14:17 of 2nd period - Off-side.
14:18 of 2nd period - Ryan Craig wins face-off versus Nate Thompson in neutral zone.
14:21 of 2nd period - Slapshot by Marc-Édouard Vlasic.
14:21 of 2nd period - Shot Blocked by Nate Thompson.
15:34 of 2nd period - Ryan Craig is hit by Filip Kuba and loses puck.
15:47 of 2nd period - Snap shot by Jamie McBain.
15:47 of 2nd period - Stopped by Michal Neuvirth without a rebound.
15:48 of 2nd period - Marc Savard wins face-off versus Evgeni Malkin in Red Wings zone.
15:48 of 2nd period - Marc Savard is hit by Claude Giroux.
15:51 of 2nd period - Minor Penalty to Steve Downie for Hooking.
15:52 of 2nd period - Evgeni Malkin wins face-off versus Tyler Johnson in Red Wings zone.
16:24 of 2nd period - Slapshot by Alexander Frolov.
16:24 of 2nd period - Shot Misses the Net.
16:26 of 2nd period - Snap shot by Fabian Brunnstrom.
16:26 of 2nd period - Stopped by Michal Neuvirth with a rebound.
16:28 of 2nd period - Slapshot by Braydon Coburn.
16:28 of 2nd period - Shot Blocked by Sean Bergenheim.
16:36 of 2nd period - Sean Bergenheim is hit by Rob Schremp and loses puck.
17:51 of 2nd period - Penalty to Steve Downie is over, Steve Downie is back on ice.
17:55 of 2nd period - Snap shot by Rick Nash.
17:55 of 2nd period - Stopped by Marc-André Fleury without a rebound.
17:56 of 2nd period - Ryan Craig wins face-off versus Mike Richards in Maple Leafs zone.
18:27 of 2nd period - Snap shot by Colby Armstrong.
18:27 of 2nd period - Shot Blocked by Jiri Fischer.
18:29 of 2nd period - Slapshot by Zac Dalpe.
18:29 of 2nd period - Deflect By Colby Armstrong.
18:29 of 2nd period - Stopped by Michal Neuvirth with a rebound.
18:39 of 2nd period - Michael Grabner is hit by Marc Savard and loses puck.
18:46 of 2nd period - Wrist shot by Marc Savard.
18:46 of 2nd period - Shot Blocked by Taylor Chorney.
19:09 of 2nd period - Ryan Craig is hit by Phil Kessel and loses puck.
19:31 of 2nd period - Marc-Édouard Vlasic is hit by Tim Ramholt and loses puck.
19:38 of 2nd period - Nate Thompson is hit by Justin Schultz and loses puck.
Goals for this period are 0 for Red Wings vs 0 for Maple Leafs.
Shots for this period are 6 for Red Wings vs 5 for Maple Leafs.
3rd period
0:01 of 3rd period - Marc Savard wins face-off versus Evgeni Malkin in neutral zone.
0:10 of 3rd period - Marc Savard is hit by Braydon Coburn and loses puck.
0:23 of 3rd period - Minor Penalty to Rick Nash for Holding.
0:24 of 3rd period - Evgeni Malkin wins face-off versus Tyler Johnson in Red Wings zone.
2:23 of 3rd period - Penalty to Rick Nash is over, Rick Nash is back on ice.
2:29 of 3rd period - Wrist shot by Blake Comeau.
2:29 of 3rd period - Stopped by Michal Neuvirth with a rebound.
2:31 of 3rd period - Slapshot by Justin Schultz.
2:31 of 3rd period - Deflect By Rick Nash.
2:31 of 3rd period - Stopped by Michal Neuvirth with a rebound.
2:33 of 3rd period - Snap shot by Justin Abdelkader.
2:33 of 3rd period - Shot Misses the Net.
2:35 of 3rd period - Slapshot by Ryan Craig.
2:35 of 3rd period - Shot Blocked by Steve Downie.
2:37 of 3rd period - Slapshot by Justin Schultz.
2:37 of 3rd period - Shot Misses the Net.
2:39 of 3rd period - Wrist shot by Blake Comeau.
2:39 of 3rd period - Stopped by Michal Neuvirth without a rebound.
2:40 of 3rd period - Mike Richards wins face-off versus Ryan Craig in Red Wings zone.
2:40 of 3rd period - Mike Richards is hit by Ryan Craig.
2:48 of 3rd period - Snap shot by Sean Bergenheim.
2:48 of 3rd period - Stopped by Marc-André Fleury with a rebound.
3:22 of 3rd period - Off-side.
3:23 of 3rd period - Tyler Johnson wins face-off versus Michael Grabner in neutral zone.
3:27 of 3rd period - Wrist shot by Tyler Johnson.
3:27 of 3rd period - Shot Misses the Net.
3:39 of 3rd period - Wrist shot by Tyler Johnson.
3:39 of 3rd period - Stopped by Marc-André Fleury with a rebound.
3:49 of 3rd period - Alexander Frolov is hit by Phil Kessel and loses puck.
3:58 of 3rd period - Snap shot by Phil Kessel.
3:58 of 3rd period - Deflect By Sean Bergenheim.
3:58 of 3rd period - Shot Misses the Net.
3:58 of 3rd period - Puck is out of play.
3:59 of 3rd period - Evgeni Malkin wins face-off versus Marc Savard in Maple Leafs zone.
3:59 of 3rd period - Evgeni Malkin is hit by Tim Ramholt.
4:17 of 3rd period - Tim Ramholt is hit by Alexander Frolov and loses puck.
4:34 of 3rd period - Michael Grabner is hit by Sean Bergenheim and loses puck.
4:58 of 3rd period - Slapshot by Eric Nystrom.
4:58 of 3rd period - Shot Blocked by Adam Henrique.
5:00 of 3rd period - Snap shot by Eric Nystrom.
5:00 of 3rd period - Deflect By Colby Armstrong.
5:00 of 3rd period - Goal by Colby Armstrong - Red Wings : 2 - Maple Leafs : 1.
5:01 of 3rd period - Marc Savard wins face-off versus Evgeni Malkin in neutral zone.
5:04 of 3rd period - Braydon Coburn is hit by Steve Downie and loses puck.
5:15 of 3rd period - Snap shot by Evgeni Malkin.
5:15 of 3rd period - Stopped by Michal Neuvirth with a rebound.
5:17 of 3rd period - Slapshot by Tobias Enstrom.
5:17 of 3rd period - Shot Misses the Net.
5:33 of 3rd period - Off-side.
5:34 of 3rd period - Mike Richards wins face-off versus Evgeni Malkin in neutral zone.
5:47 of 3rd period - Slapshot by Mike Richards.
5:47 of 3rd period - Stopped by Marc-André Fleury without a rebound.
5:48 of 3rd period - Marc Savard wins face-off versus Evgeni Malkin in Maple Leafs zone.
6:23 of 3rd period - Snap shot by Phil Kessel.
6:23 of 3rd period - Shot Misses the Net.
6:43 of 3rd period - Icing by Shea Weber.
6:44 of 3rd period - Zac Dalpe wins face-off versus Ales Hemsky in Red Wings zone.
6:55 of 3rd period - Backhand shot by Eric Nystrom.
6:55 of 3rd period - Stopped by Michal Neuvirth without a rebound.
6:56 of 3rd period - Evgeni Malkin wins face-off versus Rick Nash in Red Wings zone.
6:57 of 3rd period - Slapshot by Claude Giroux.
6:57 of 3rd period - Shot Misses the Net.
7:32 of 3rd period - Snap shot by Sean Bergenheim.
7:32 of 3rd period - Goal by Sean Bergenheim - Red Wings : 3 - Maple Leafs : 1.
7:33 of 3rd period - Evgeni Malkin wins face-off versus Marc Savard in neutral zone.
7:36 of 3rd period - Filip Kuba is hit by Tobias Enstrom and loses puck.
8:12 of 3rd period - Slapshot by Mike Richards.
8:12 of 3rd period - Stopped by Marc-André Fleury with a rebound.
8:30 of 3rd period - Slapshot by Colby Armstrong.
8:30 of 3rd period - Deflect By Zac Dalpe.
8:30 of 3rd period - Stopped by Michal Neuvirth without a rebound.
8:31 of 3rd period - Marc Savard wins face-off versus Evgeni Malkin in Red Wings zone.
9:26 of 3rd period - Wrist shot by Blake Comeau.
9:26 of 3rd period - Stopped by Michal Neuvirth without a rebound.
9:27 of 3rd period - Evgeni Malkin wins face-off versus Marc Savard in Red Wings zone.
9:32 of 3rd period - Snap shot by Evgeni Malkin.
9:32 of 3rd period - Shot Misses the Net.
9:34 of 3rd period - Slapshot by Alexander Frolov.
9:34 of 3rd period - Stopped by Michal Neuvirth with a rebound.
9:36 of 3rd period - Backhand shot by Alexander Frolov.
9:36 of 3rd period - Shot Misses the Net.
9:45 of 3rd period - Minor Penalty to Steve Downie for Roughing.
9:46 of 3rd period - Tyler Johnson wins face-off versus Evgeni Malkin in Red Wings zone.
9:58 of 3rd period - Wrist shot by Claude Giroux.
9:58 of 3rd period - Shot Misses the Net.
10:00 of 3rd period - Slapshot by Braydon Coburn.
10:00 of 3rd period - Shot Blocked by Shea Weber.
10:02 of 3rd period - Wrist shot by Alexander Frolov.
10:02 of 3rd period - Stopped by Michal Neuvirth without a rebound.
10:03 of 3rd period - Rick Nash wins face-off versus Evgeni Malkin in Red Wings zone.
10:09 of 3rd period - Icing by Claude Giroux.
10:10 of 3rd period - Tyler Johnson wins face-off versus Alexander Frolov in Maple Leafs zone.
10:45 of 3rd period - Snap shot by Evgeni Malkin.
10:45 of 3rd period - Stopped by Michal Neuvirth without a rebound.
10:46 of 3rd period - Rick Nash wins face-off versus Rob Schremp in Red Wings zone.
10:53 of 3rd period - Snap shot by Marc-Édouard Vlasic.
10:53 of 3rd period - Deflect By Fabian Brunnstrom.
10:53 of 3rd period - Stopped by Michal Neuvirth without a rebound.
10:54 of 3rd period - Rob Schremp wins face-off versus Rick Nash in Red Wings zone.
11:01 of 3rd period - Wrist shot by Rob Schremp.
11:01 of 3rd period - Shot Blocked by Rick Nash.
11:03 of 3rd period - Slapshot by Marc-Édouard Vlasic.
11:03 of 3rd period - Shot Misses the Net.
11:05 of 3rd period - Slapshot by Jamie McBain.
11:05 of 3rd period - Shot Misses the Net.
11:23 of 3rd period - Snap shot by Tyler Johnson.
11:23 of 3rd period - Stopped by Marc-André Fleury with a rebound.
11:29 of 3rd period - Sean Bergenheim is hit by Alexander Frolov and loses puck.
11:45 of 3rd period - Penalty to Steve Downie is over, Steve Downie is back on ice.
11:53 of 3rd period - Slapshot by Jiri Fischer.
11:53 of 3rd period - Stopped by Marc-André Fleury with a rebound.
12:07 of 3rd period - Minor Penalty to Ryan Craig for Tripping.
12:08 of 3rd period - Evgeni Malkin wins face-off versus Marc Savard in Maple Leafs zone.
12:12 of 3rd period - Off-side.
12:13 of 3rd period - Evgeni Malkin wins face-off versus Marc Savard in neutral zone.
12:45 of 3rd period - Snap shot by Mike Richards.
12:45 of 3rd period - Stopped by Marc-André Fleury with a rebound.
12:47 of 3rd period - Slapshot by Ole-Kristian Tollefsen.
12:47 of 3rd period - Shot Misses the Net.
13:01 of 3rd period - Snap shot by Tobias Enstrom.
13:01 of 3rd period - Stopped by Michal Neuvirth without a rebound.
13:02 of 3rd period - Rob Schremp wins face-off versus Mike Richards in Red Wings zone.
13:07 of 3rd period - Snap shot by Taylor Chorney.
13:07 of 3rd period - Shot Misses the Net.
13:37 of 3rd period - Slapshot by Filip Kuba.
13:37 of 3rd period - Goal by Filip Kuba - Red Wings : 4 - Maple Leafs : 1.
13:38 of 3rd period - Mike Richards wins face-off versus Rob Schremp in neutral zone.
14:33 of 3rd period - Wrist shot by Colby Armstrong.
14:33 of 3rd period - Stopped by Michal Neuvirth without a rebound.
14:34 of 3rd period - Mike Richards wins face-off versus Zac Dalpe in Red Wings zone.
14:51 of 3rd period - Snap shot by Zac Dalpe.
14:51 of 3rd period - Deflect By Colby Armstrong.
14:51 of 3rd period - Shot Misses the Net.
14:51 of 3rd period - Puck is out of play.
14:52 of 3rd period - Marc Savard wins face-off versus Evgeni Malkin in Red Wings zone.
14:56 of 3rd period - Filip Kuba is hit by Jamie McBain and loses puck.
15:19 of 3rd period - Minor Penalty to Jamie McBain for High sticking.
15:20 of 3rd period - Mike Richards wins face-off versus Evgeni Malkin in Maple Leafs zone.
15:27 of 3rd period - Wrist shot by Rick Nash.
15:27 of 3rd period - Stopped by Marc-André Fleury with a rebound.
15:29 of 3rd period - Slapshot by Mike Richards.
15:29 of 3rd period - Goal by Mike Richards - Red Wings : 5 - Maple Leafs : 1.
15:30 of 3rd period - Mike Richards wins face-off versus Evgeni Malkin in neutral zone.
16:05 of 3rd period - Snap shot by Rob Schremp.
16:05 of 3rd period - Shot Blocked by Jiri Fischer.
16:17 of 3rd period - Snap shot by Tyler Johnson.
16:17 of 3rd period - Stopped by Marc-André Fleury without a rebound.
16:18 of 3rd period - Eric Nystrom wins face-off versus Tyler Johnson in Maple Leafs zone.
17:04 of 3rd period - Ales Hemsky is hit by Eric Nystrom and loses puck.
17:41 of 3rd period - Wrist shot by Eric Nystrom.
17:41 of 3rd period - Deflect By Zac Dalpe.
17:41 of 3rd period - Stopped by Michal Neuvirth with a rebound.
17:45 of 3rd period - Slapshot by Colby Armstrong.
17:45 of 3rd period - Deflect By Eric Nystrom.
17:45 of 3rd period - Shot Blocked by Chris Campoli.
17:45 of 3rd period - Puck is out of play.
17:46 of 3rd period - Mike Richards wins face-off versus Evgeni Malkin in Red Wings zone.
17:46 of 3rd period - Mike Richards is hit by Evgeni Malkin.
17:54 of 3rd period - Snap shot by Claude Giroux.
17:54 of 3rd period - Stopped by Michal Neuvirth with a rebound.
18:11 of 3rd period - Icing by Evgeni Malkin.
18:12 of 3rd period - Evgeni Malkin wins face-off versus Marc Savard in Maple Leafs zone.
19:22 of 3rd period - Marc-Édouard Vlasic is hit by Filip Kuba and loses puck.
19:27 of 3rd period - Wrist shot by Mike Brown.
19:27 of 3rd period - Shot Blocked by Rob Schremp.
Goals for this period are 3 for Red Wings vs 1 for Maple Leafs.
Shots for this period are 12 for Red Wings vs 16 for Maple Leafs.
Back to the Top